 Dungeon Crawl Stone Soup version 0.23-a0-639-ga9a3373 (webtiles) character file.

3682 Lanoc the Grappler (level 9, -2/89 HPs)
             Began as a Troll Monk on Dec 29, 2018.
             Was a Believer of the Shining One.
             Slain by a two-headed ogre
             ... wielding a +0 giant spiked club
              (33 damage)
             ... on level 9 of the Dungeon.
             The game lasted 00:14:48 (5614 turns).

Lanoc the Grappler (Troll Monk)                     Turns: 5614, Time: 00:14:50

Health: -2/89      AC:  5    Str: 24    XL:     9   Next: 90%
Magic:  8/8        EV: 12    Int:  6    God:    the Shining One [**....]
Gold:   423        SH:  0    Dex: 12    Spells: 8/8 levels left

rFire    . . .     SeeInvis .     - Unarmed
rCold    + . .     Gourm    +   (no shield)
rNeg     + . .     Faith    .   n - +0 robe (curse)
rPois    .         Spirit   .   (helmet restricted)
rElec    .         Reflect  .   (no cloak)
rCorr    .         Harm     .   (gloves unavailable)
MR       .....                  (boots unavailable)
Stlth    +.........             w - amulet of the acrobat
HPRegen  0.64/turn              i - ring of stealth
MPRegen  0.11/turn              v - ring of protection from cold

@: glowing
A: large, unfitting armour, claws 3, fast metabolism 3, gourmand, regeneration
1, shaggy fur 1, tough skin 2
a: Divine Shield, Renounce Religion


You were on level 9 of the Dungeon.
You worshipped the Shining One.
The Shining One was pleased with you.
You were completely stuffed.

You visited 2 branches of the dungeon, and saw 10 of its levels.

You collected 423 gold pieces.

Inventory:

Missiles
 u - 7 large rocks (quivered)
Armour
 n - a cursed +0 robe (worn)
Jewellery
 i - a ring of stealth (left claw)
 q - an uncursed ring of ice
 v - a ring of protection from cold (right claw)
 w - an amulet of the acrobat (around neck)
 y - a +3 ring of strength
Wands
 l - a wand of disintegration (17)
 t - a wand of enslavement (5)
Scrolls
 e - 5 scrolls of teleportation {unknown}
 f - 2 scrolls of blinking
 g - a scroll of amnesia
 j - a scroll of enchant armour
 o - a scroll of fog {unknown}
 p - 9 scrolls of remove curse
 r - a scroll of enchant weapon {unknown}
 s - a scroll of fear {unknown}
 x - 3 scrolls of immolation {unknown}
 B - a scroll of magic mapping {unknown}
Potions
 a - a potion of resistance {unknown}
 c - a potion of cancellation
 d - a potion of heal wounds
 h - a potion of invisibility
 k - 2 potions of flight
 m - 2 potions of curing
 z - a potion of brilliance {unknown}
Miscellaneous
 C - a fan of gales
Comestibles
 b - 13 rations
 A - 4 chunks of flesh


   Skills:
 + Level 5.8 Fighting
 + Level 5.7 Throwing
 + Level 5.8 Dodging
 - Level 1.0 Stealth
 * Level 9.5 Unarmed Combat


You had 8 spell levels left.
You didn't know any spells.
Your spell library contained the following spells:

 Spells                   Type           Power        Failure   Level  Hunger
 Beastly Appendage        Tmut           #.....       45%         1    ##.....
 Sticks to Snakes         Tmut           #.......     58%         2    ###....
 Spider Form              Tmut/Pois      #.........   83%         3    ####...
 Ice Form                 Ice/Tmut       #.......     99%         4    #####..
 Blade Hands              Tmut           #.........   100%        5    ######.


Dungeon Overview and Level Annotations

Branches:
Dungeon (9/15)             Temple (1/1) D:7
   Lair: D:8-11         Orc: D:9-12

Altars:
Ashenzari
Cheibriados
Dithmenos
Fedhas
Gozag
Hepliaklqana
Kikubaaqudgha
Nemelex Xobeh
Okawaru
Qazlal
Ru
Sif Muna
Trog
Vehumet
Wu Jian
Xom
Yredelemnul
The Shining One

Annotations:
D:6 2 transporters, Duffy's ghost, amateur DEFE


Innate Abilities, Weirdness & Mutations

You are too large for most types of armour.
You have claws for hands.
Your metabolism is lightning-fast.
You like to eat raw meat.
Your natural rate of healing is unusually fast.
You are covered in fur. (AC +1)
You have very tough skin. (AC +2)


Message History

You mangle the two-headed ogre!!
The two-headed ogre is almost dead.
You hear a shout!
The hound bites you but does no damage.
The two-headed ogre hits you with a +0 giant spiked club!!
The two-headed ogre hits you with a +0 giant club!!
* * * LOW HITPOINT WARNING * * *
The hound bites you but does no damage.
You see here a flail.
You barely miss the hound. Your claw misses the hound.
The hound bites you but does no damage.
You scratch the hound but do no damage. The hound closely misses you.
You barely miss the hound. Your claw misses the hound.
The hound closely misses you. The hound barely misses you.
You scratch the hound. You claw the hound!
You kill the hound!
You claw the two-headed ogre!
The two-headed ogre is almost dead.
The two-headed ogre hits you with a +0 giant spiked club!!
You die...

.................#
.#..............).##
...#..........#####
#.#..........+
.........รท..#
###.###......# .
#.....#......#
....#..?.S#......#
......%$)HO@.....#
....#..).o#......# .
#..../#.........#
###.###..########
........# #.#......#
...######## .#


You could see a two-headed ogre, a hippogriff, an orc warrior and an adder.

Vanquished Creatures
  An ugly thing (D:6)
  A hippogriff (D:8)
  6 yaks (D:8)
  Edmund (D:4)
  An orc warrior (D:7)
  An ice beast (D:8)
  5 ogres
  A phantom (D:4)
  5 centaurs
  3 bullfrogs
  A howler monkey (D:8)
  A crimson imp (D:8)
  2 jellies (D:7)
  An orc priest (D:5)
  A hound (D:9)
  2 bullfrog skeletons
  Terence (D:3)
  2 centaur skeletons
  4 orc wizards
  5 worker ants
  A hound skeleton (D:8)
  4 gnolls (D:8)
  10 adders
  A shadow imp (D:7)
  4 worms
  A dart slug (D:2)
  6 leopard geckos
  25 orcs
  3 giant cockroaches
  4 goblins
  11 hobgoblins
  11 jackals
  7 kobolds
  8 quokkas
  6 bats
  4 frilled lizards
  A jackal skeleton (D:4)
  A quokka skeleton (D:5)
  A quokka zombie (D:6)
  8 rats
162 creatures vanquished.

Notes
Turn   | Place    | Note
-------+----------+-------------------------------------------
     0 | D:1      | Lanoc the Troll Monk began the quest for the Orb.
     0 | D:1      | Reached XP level 1. HP: 22/22 MP: 0/0
   129 | D:1      | Reached XP level 2. HP: 29/29 MP: 1/1
   539 | D:2      | Found an iron altar of Okawaru.
   541 | D:2      | Found a stormy altar of Qazlal.
   542 | D:2      | Found a shimmering altar of Xom.
   598 | D:2      | Reached skill level 1 in Throwing
   598 | D:2      | Reached XP level 3. HP: 25/36 MP: 2/2
   755 | D:2      | Found a bloodstained altar of Trog.
   953 | D:2      | Found a basalt altar of Yredelemnul.
   957 | D:2      | Noticed an ogre
   967 | D:2      | Killed an ogre
   967 | D:2      | Reached skill level 4 in Unarmed Combat
   967 | D:2      | Reached XP level 4. HP: 18/45 MP: 3/3
   967 | D:2      | Reached XP level 5. HP: 21/53 MP: 4/4
  1269 | D:3      | Noticed Terence
  1283 | D:3      | Killed Terence
  1887 | D:4      | Noticed an ogre
  1897 | D:4      | Killed an ogre
  1897 | D:4      | Reached skill level 5 in Unarmed Combat
  1897 | D:4      | Reached XP level 6. HP: 31/61 MP: 5/5
  2078 | D:4      | Found a shadowy altar of Dithmenos.
  2121 | D:4      | Noticed Edmund
  2153 | D:4      | Killed Edmund
  2153 | D:4      | Reached XP level 7. HP: 41/68 MP: 6/6
  2207 | D:5      | Entered Level 5 of the Dungeon
  2507 | D:5      | Reached skill level 6 in Unarmed Combat
  3162 | D:6      | Noticed Duffy's ghost (amateur DEFE)
  3164 | D:6      | Reached XP level 8. HP: 72/78 MP: 7/7
  3206 | D:6      | Noticed a queen bee
  3252 | D:6      | Found a transporter.
  3256 | D:6      | Found a transporter.
  3265 | D:6      | Noticed a cyan ugly thing
  3276 | D:6      | HP: 2/78 [cyan ugly thing (13)]
  3330 | D:6      | Killed a cyan ugly thing
  3330 | D:6      | Reached skill level 7 in Unarmed Combat
  3616 | D:6      | Found a deep blue altar of Sif Muna.
  4159 | D:7      | Reached skill level 8 in Unarmed Combat
  4172 | D:7      | Reached skill level 5 in Fighting
  4172 | D:7      | Reached skill level 5 in Dodging
  4172 | D:7      | Reached XP level 9. HP: 73/88 MP: 8/8
  4199 | D:7      | Found a staircase to the Ecumenical Temple.
  4206 | Temple   | Entered the Ecumenical Temple
  4479 | Temple   | Became a worshipper of the Shining One
  4479 | Temple   | Reached * piety under the Shining One
  4479 | Temple   | Reached ** piety under the Shining One
  5078 | D:8      | Reached skill level 5 in Throwing
  5238 | D:8      | Reached skill level 9 in Unarmed Combat
  5253 | D:8      | HP: 4/89 [yak (11)]
  5599 | D:9      | Noticed a two-headed ogre
  5614 | D:9      | Slain by a two-headed ogre

Vault maps used:
D:1:      dpeg_arrival_pond, glass_columns_a
D:2:      chequers_temple_overflow_statue_of_worship, yredelemnul_altar_generic,
          first_ration, nrook_mini_backslash, bloody_trog
D:3:      uniq_terence
D:4:      kennysheep_decorative_pillar, grunt_dithmenos_shadows, uniq_edmund
D:6:      led_sif_pool, gammafunk_ghost_hive
D:7:      minmay_temple_entry_stoned_glass
D:9:      nicolae_overflow_hidden_temple, kennysheep_mini_moat,
          minmay_chambers_of_fives
Temple:   minmay_temple_forest_path

Skill      XL: |  1  2  3  4  5  6  7  8  9 |
---------------+----------------------------+-----
Throwing       | 1 2 3 4 5 |  5.7
Fighting       | 3 4 5 |  5.8
Dodging        | 3 4 5 |  5.8
Unarmed Combat | 4 5 6 8 9 |  9.5
Stealth        | |  1.0

Action                   |  1- 3 |  4- 6 |  7- 9 || total
-------------------------+-------+-------+-------++-------
Melee: Unarmed           |    83 |   111 |   272 ||   466
       Punch             |     1 |     1 |     8 ||    10
Throw: Large rock        |       |       |     7 ||     7
  Use: Scroll            |       |       |    11 ||    11
       Potion            |       |       |     7 ||     7
 Stab: Sleeping          |     2 |     5 |     1 ||     8
  Eat: Chunk             |    14 |    11 |    32 ||    57
Armor: Robe              |    23 |    24 |    68 ||   115
Dodge: Dodged            |    39 |    41 |   188 ||   268

Table legend:
 A = Non-vault XP
 B = Vault XP
 C = Vault XP percentage of total XP
 D = Non-vault monster count
 E = Vault monster count
 F = Vault count percentage of total count
                 A         B        C        D         E       F
            +---------+---------+-------+---------+---------+-------
      Total |    4943 |     318 |   6.0 |     159 |       3 |   1.9
            +---------+---------+-------+---------+---------+-------
        D:1 |      24 |       0 |   0.0 |      15 |       0 |   0.0
        D:2 |     191 |       0 |   0.0 |      23 |       0 |   0.0
        D:3 |      32 |      36 |  52.9 |      15 |       1 |   6.2
        D:4 |     224 |     282 |  55.7 |      17 |       2 |  10.5
        D:5 |     406 |       0 |   0.0 |      18 |       0 |   0.0
        D:6 |    1059 |       0 |   0.0 |      14 |       0 |   0.0
        D:7 |     714 |       0 |   0.0 |      21 |       0 |   0.0
        D:8 |    2237 |       0 |   0.0 |      33 |       0 |   0.0
        D:9 |      56 |       0 |   0.0 |       3 |       0 |   0.0
            +---------+---------+-------+---------+---------+-------
